[ AOE2 MATCH · #479230293 ]
Team RMSlavs vs Spanish
[ REPLAY ANALYSIS · EXTRACTED FROM THE RECORDED GAME ]
Feudal
—
Castle
—
Imperial
—
| APM avg | 31.7 |
| APM peak | 70 |
| eAPM avg | 15.9 |
| Villagers / military | 62 / 41 |
Focus
⚔️ 24.8% · 🌾 75.2%
Knight ×30 · Scout Cavalry ×11
Feudal
—
Castle
—
Imperial
—
| APM avg | 12.9 |
| APM peak | 89 |
| eAPM avg | 2.8 |
| Villagers / military | 26 / 0 |
Focus
⚔️ 9.6% · 🌾 90.4%
Feudal
11:07
Castle
25:55
Imperial
—
| APM avg | 35.9 |
| APM peak | 79 |
| eAPM avg | 13.5 |
| Villagers / military | 80 / 78 |
Focus
⚔️ 29.5% · 🌾 70.5%
Archer ×73 · Spearman ×5
Feudal
—
Castle
—
Imperial
—
| APM avg | 25.6 |
| APM peak | 52 |
| eAPM avg | 9.5 |
| Villagers / military | 50 / 33 |
Focus
⚔️ 24.5% · 🌾 75.5%
Scout Cavalry ×23 · Knight ×7 · Spearman ×3
Feudal
10:31
Castle
23:37
Imperial
—
| APM avg | 43.0 |
| APM peak | 72 |
| eAPM avg | 17.1 |
| Villagers / military | 60 / 24 |
Focus
⚔️ 17.5% · 🌾 82.5%
Knight ×12 · Scout Cavalry ×12
Feudal
—
Castle
—
Imperial
—
| APM avg | 23.8 |
| APM peak | 79 |
| eAPM avg | 13.1 |
| Villagers / military | 54 / 45 |
Focus
⚔️ 22.2% · 🌾 77.8%
Archer ×29 · Skirmisher ×12 · Spearman ×3 · Mangonel ×1
Feudal
10:21
Castle
23:08
Imperial
—
| APM avg | 18.9 |
| APM peak | 33 |
| eAPM avg | 11.0 |
| Villagers / military | 52 / 50 |
Focus
⚔️ 19.6% · 🌾 80.4%
Archer ×44 · Skirmisher ×3 · Battering Ram ×3
Feudal
—
Castle
—
Imperial
—
| APM avg | 20.6 |
| APM peak | 52 |
| eAPM avg | 11.0 |
| Villagers / military | 39 / 21 |
Focus
⚔️ 14.8% · 🌾 85.2%
Skirmisher ×15 · Spearman ×6
Match map
Initial resources + every placement click. Lines = walls · curves = elevation contours. ◆ gold · ⬟ stone · ● berries · ✦ relic · ◌ wall gap
Your base· Open — unwalled flank
QY『情缘』夕颜's base· Open — unwalled flank
...ARX...'s base· Open — unwalled flank
Brian42906's base· Open — 1t gap
V2 ツ's base· Open — unwalled flank
SonkyBro's base· Open — 2t gap
Zip Paz's base· Open — unwalled flank
melodyfans's base· Open — 1t gap
Smoothed initial terrain · ◌ = detected wall gap · hover for details
Inputs per minute
— Professor6899 - - QY『情缘』夕颜
Build order — Professor6899
140 actions detected in the replay
| 0:01 | Create | Villager (Male) |
| 0:01 | Create | Villager (Male) |
| 0:02 | Build | House |
| 0:04 | Build | House |
| 0:37 | Create | Villager (Male) |
| 0:40 | Create | Villager (Male) |
| 1:34 | Create | Villager (Male) |
| 2:23 | Create | Villager (Male) |
| 2:23 | Create | Villager (Male) |
| 2:28 | Build | Lumber Camp |
| 2:31 | Create | Villager (Male) |
| 2:31 | Create | Villager (Male) |
| 3:27 | Create | Villager (Male) |
| 3:28 | Create | Villager (Male) |
| 3:42 | Create | Villager (Male) |
| 4:01 | Build | House |
| 4:07 | Create | Villager (Male) |
| 4:40 | Create | Villager (Male) |
| 4:41 | Create | Villager (Male) |
| 5:03 | Build | Mill |
| 5:19 | Create | Villager (Male) |
| 5:19 | Create | Villager (Male) |
| 5:20 | Create | Villager (Male) |
| 5:59 | Build | House |
| 6:07 | Create | Villager (Male) |
| 6:22 | Create | Villager (Male) |
| 6:38 | Create | Villager (Male) |
| 6:59 | Create | Villager (Male) |
| 7:18 | Build | Lumber Camp |
| 7:42 | Create | Villager (Male) |
| 8:00 | Build | House |
| 8:23 | Create | Villager (Male) |
| 8:41 | Create | Villager (Male) |
| 8:44 | Research | Loom |
| 8:59 | Build | Mining Camp |
| 9:05 | Create | Villager (Male) |
| 9:38 | Research | Feudal Age |
| 10:04 | Build | House |
| 10:51 | Build | Barracks |
| 11:38 | Create | Villager (Male) |
| 11:38 | Create | Villager (Male) |
| 11:59 | Build | Palisade Wall |
| 12:21 | Build | Stable |
| 12:26 | Create | Villager (Male) |
| 12:36 | Build | Farm |
| 12:37 | Build | Farm |
| 12:39 | Build | Farm |
| 12:40 | Build | Farm |
| 12:44 | Build | Farm |
| 12:45 | Build | Farm |
| 12:47 | Build | Farm |
| 12:49 | Create | Villager (Male) |
| 13:01 | Create | Villager (Male) |
| 13:28 | Build | Farm |
| 13:33 | Create | Villager (Male) |
| 13:41 | Create | Scout Cavalry |
| 13:42 | Create | Scout Cavalry |
| 13:42 | Create | Scout Cavalry |
| 13:44 | Create | Scout Cavalry |
| 13:55 | Build | Mill |
| 14:24 | Build | Blacksmith |
| 14:27 | Create | Villager (Male) |
| 14:34 | Create | Villager (Male) |
| 14:55 | Create | Scout Cavalry |
| 15:05 | Research | Scale Barding Armor |
| 15:13 | Create | Villager (Male) |
| 15:15 | Create | Villager (Male) |
| 15:27 | Build | Farm |
| 15:32 | Build | Farm |
| 15:35 | Create | Scout Cavalry |
| 16:07 | Create | Villager (Male) |
| 16:07 | Create | Villager (Male) |
| 16:09 | Create | Villager (Male) |
| 16:14 | Research | Bloodlines |
| 16:48 | Create | Scout Cavalry |
| 16:48 | Create | Scout Cavalry |
| 16:55 | Create | Villager (Male) |
| 16:56 | Create | Villager (Male) |
| 17:02 | Build | Mill |
| 17:03 | Build | Farm |
| 17:03 | Build | Farm |
| 17:04 | Build | Farm |
| 17:04 | Build | Farm |
| 17:05 | Build | Farm |
| 17:05 | Build | Farm |
| 17:06 | Build | Farm |
| 18:02 | Create | Villager (Male) |
| 18:02 | Create | Villager (Male) |
| 18:21 | Create | Villager (Male) |
| 18:28 | Create | Scout Cavalry |
| 18:28 | Create | Scout Cavalry |
| 18:28 | Create | Scout Cavalry |
| 18:36 | Build | House |
| 18:39 | Build | House |
| 18:40 | Build | House |
| 18:51 | Research | Wheelbarrow |
| 19:03 | Build | Farm |
| 19:04 | Build | Farm |
| 19:42 | Create | Villager (Male) |
| 19:51 | Build | House |
| 19:58 | Build | Farm |
| 20:06 | Research | Castle Age |
| 20:13 | Build | House |
| 20:26 | Build | Stable |
| 20:28 | Build | Stable |
| 20:55 | Research | Horse Collar |
| 21:24 | Build | Farm |
| 22:16 | Research | Double-Bit Axe |
| 22:29 | Create | Villager (Male) |
| 22:31 | Create | Villager (Male) |
| 22:41 | Build | Market |
| 22:53 | Research | Husbandry |
| 22:56 | Create | Knight ×5 |
| 22:58 | Create | Knight ×4 |
| 23:09 | Create | Villager (Male) |
| 23:39 | Research | Forging |
| 23:44 | Create | Villager (Male) |
| 23:48 | Create | Villager (Male) |
| 24:00 | Create | Villager (Male) |
| 24:08 | Create | Villager (Male) |
| 24:09 | Research | Gold Mining |
| 24:31 | Create | Villager (Male) |
| 25:22 | Create | Villager (Male) |
| 25:23 | Create | Villager (Male) |
| 25:23 | Create | Villager (Male) |
| 25:24 | Create | Villager (Male) |
| 25:24 | Create | Villager (Male) |
| 25:29 | Build | Farm |
| 25:30 | Build | Farm |
| 25:41 | Create | Villager (Male) |
| 25:41 | Create | Villager (Male) |
| 25:43 | Create | Villager (Male) |
| 25:43 | Create | Villager (Male) |
| 27:18 | Create | Knight ×5 |
| 27:18 | Create | Knight ×5 |
| 27:58 | Research | Chain Barding Armor |
| 28:15 | Create | Knight ×3 |
| 28:38 | Build | Town Center |
| 29:26 | Create | Knight ×4 |
| 29:27 | Create | Knight ×4 |
Build order — QY『情缘』夕颜
50 actions detected in the replay
| 1:59 | Build | Lumber Camp |
| 2:03 | Create | Villager (Male) |
| 2:04 | Create | Villager (Male) |
| 2:08 | Create | Villager (Male) |
| 2:08 | Create | Villager (Male) |
| 3:50 | Build | House |
| 5:30 | Build | House |
| 7:19 | Create | Villager (Male) |
| 7:20 | Create | Villager (Male) |
| 7:20 | Create | Villager (Male) |
| 7:21 | Create | Villager (Male) |
| 7:21 | Create | Villager (Male) |
| 7:21 | Create | Villager (Male) |
| 8:46 | Build | Mining Camp |
| 9:58 | Build | Mining Camp |
| 10:40 | Create | Villager (Male) |
| 10:40 | Create | Villager (Male) |
| 10:40 | Create | Villager (Male) |
| 13:38 | Build | Mill |
| 15:12 | Build | House |
| 15:26 | Build | House |
| 18:10 | Create | Villager (Male) |
| 18:10 | Create | Villager (Male) |
| 18:10 | Create | Villager (Male) |
| 18:10 | Create | Villager (Male) |
| 19:49 | Build | Farm |
| 20:00 | Build | Farm |
| 20:06 | Build | Farm |
| 20:11 | Build | Farm |
| 20:18 | Build | Farm |
| 20:27 | Build | Farm |
| 20:39 | Create | Villager (Male) |
| 20:39 | Create | Villager (Male) |
| 21:04 | Build | Farm |
| 21:12 | Build | Farm |
| 21:22 | Build | Farm |
| 21:27 | Build | Farm |
| 21:35 | Build | Farm |
| 23:56 | Create | Villager (Male) |
| 23:56 | Create | Villager (Male) |
| 23:56 | Create | Villager (Male) |
| 23:57 | Create | Villager (Male) |
| 25:19 | Build | House |
| 25:24 | Build | House |
| 27:39 | Create | Villager (Male) |
| 27:41 | Create | Villager (Male) |
| 27:41 | Create | Villager (Male) |
| 28:10 | Build | Palisade Wall |
| 28:26 | Build | Palisade Gate |
| 29:15 | Build | Palisade Wall |
Build order — ...ARX...
First 150 of 217 actions detected
| 0:00 | Create | Villager (Male) |
| 0:01 | Create | Villager (Male) |
| 0:01 | Create | Villager (Male) |
| 0:02 | Build | House |
| 0:04 | Build | House |
| 0:31 | Create | Villager (Male) |
| 1:22 | Create | Villager (Male) |
| 1:50 | Create | Villager (Male) |
| 2:06 | Build | Lumber Camp |
| 2:30 | Create | Villager (Male) |
| 2:45 | Build | House |
| 2:53 | Build | House |
| 2:56 | Create | Villager (Male) |
| 2:56 | Create | Villager (Male) |
| 3:43 | Create | Villager (Male) |
| 3:43 | Create | Villager (Male) |
| 4:14 | Research | Loom |
| 4:15 | Create | Villager (Male) |
| 4:15 | Create | Villager (Male) |
| 4:18 | Create | Villager (Male) |
| 4:19 | Research | Loom |
| 5:10 | Create | Villager (Male) |
| 5:10 | Create | Villager (Male) |
| 5:10 | Create | Villager (Male) |
| 5:31 | Create | Villager (Male) |
| 5:41 | Build | Mill |
| 5:43 | Create | Villager (Male) |
| 6:24 | Create | Villager (Male) |
| 6:32 | Create | Villager (Male) |
| 6:37 | Create | Villager (Male) |
| 6:55 | Create | Villager (Male) |
| 7:02 | Build | Lumber Camp |
| 7:19 | Create | Villager (Male) |
| 7:34 | Create | Villager (Male) |
| 7:44 | Create | Villager (Male) |
| 8:05 | Create | Villager (Male) |
| 8:22 | Build | Mining Camp |
| 8:27 | Research | Loom |
| 8:27 | Research | Feudal Age |
| 8:51 | Build | House |
| 8:53 | Build | House |
| 9:11 | Create | Villager (Male) |
| 9:30 | Build | Barracks |
| 9:38 | Build | House |
| 9:57 | Build | Farm |
| 10:23 | Build | Palisade Wall |
| 10:33 | Build | Farm |
| 10:39 | Create | Villager (Male) |
| 10:59 | Build | House |
| 11:04 | Build | House |
| 11:07 | Age | Feudal Age |
| 11:11 | Build | Archery Range |
| 11:22 | Build | Archery Range |
| 11:35 | Research | Double-Bit Axe |
| 11:39 | Create | Villager (Male) |
| 11:42 | Build | House |
| 11:49 | Build | Palisade Wall |
| 12:06 | Create | Archer |
| 12:06 | Create | Archer |
| 12:10 | Build | Farm |
| 12:13 | Create | Villager (Male) |
| 12:20 | Build | Palisade Wall |
| 12:28 | Build | Farm |
| 12:34 | Build | Farm |
| 12:36 | Create | Villager (Male) |
| 12:37 | Create | Archer |
| 12:43 | Create | Archer |
| 12:45 | Create | Archer |
| 12:46 | Create | Villager (Male) |
| 12:57 | Create | Villager (Male) |
| 13:02 | Create | Archer |
| 13:05 | Create | Archer |
| 13:16 | Create | Archer |
| 13:19 | Create | Villager (Male) |
| 13:27 | Research | Horse Collar |
| 13:40 | Build | Blacksmith |
| 13:42 | Create | Villager (Male) |
| 13:44 | Build | Farm |
| 13:52 | Create | Archer |
| 14:09 | Create | Archer |
| 14:23 | Create | Archer |
| 14:27 | Research | Wheelbarrow |
| 14:31 | Research | Horse Collar |
| 14:43 | Research | Fletching |
| 14:52 | Create | Villager (Male) |
| 14:55 | Create | Spearman |
| 14:56 | Create | Spearman |
| 15:02 | Create | Villager (Male) |
| 15:15 | Create | Archer |
| 15:31 | Create | Villager (Male) |
| 15:41 | Create | Villager (Male) |
| 15:55 | Create | Archer |
| 15:55 | Create | Archer |
| 15:55 | Create | Archer |
| 16:17 | Create | Archer |
| 16:17 | Create | Archer |
| 16:25 | Create | Archer |
| 16:25 | Create | Archer |
| 16:46 | Build | Farm |
| 17:28 | Create | Villager (Male) |
| 17:29 | Create | Archer |
| 17:30 | Create | Archer |
| 17:30 | Create | Archer |
| 17:30 | Create | Archer |
| 17:39 | Research | Padded Archer Armor |
| 18:22 | Create | Archer |
| 18:23 | Create | Archer |
| 18:33 | Create | Villager (Male) |
| 18:33 | Create | Villager (Male) |
| 18:34 | Research | Town Watch |
| 18:51 | Create | Archer ×2 |
| 19:09 | Create | Archer ×2 |
| 19:20 | Create | Villager (Male) |
| 19:52 | Build | Mill |
| 19:53 | Build | Farm |
| 19:53 | Build | Farm |
| 19:54 | Build | Farm |
| 19:54 | Build | Farm |
| 19:54 | Build | Farm |
| 19:54 | Build | Farm |
| 19:55 | Build | Farm |
| 19:55 | Build | Farm |
| 19:55 | Build | Farm |
| 20:18 | Create | Villager (Male) |
| 20:18 | Create | Villager (Male) |
| 20:30 | Build | Farm |
| 20:30 | Build | Farm |
| 20:31 | Build | Farm |
| 20:41 | Create | Archer |
| 20:41 | Create | Archer |
| 20:41 | Create | Archer |
| 20:42 | Create | Archer |
| 20:45 | Create | Villager (Male) |
| 20:46 | Build | House |
| 20:51 | Create | Villager (Male) |
| 20:51 | Create | Villager (Male) |
| 20:53 | Build | House |
| 20:53 | Build | House |
| 20:53 | Build | House |
| 21:23 | Create | Villager (Male) |
| 21:24 | Create | Villager (Male) |
| 21:26 | Create | Archer ×3 |
| 21:38 | Create | Villager (Male) |
| 22:06 | Build | Farm |
| 22:08 | Create | Villager (Male) |
| 22:15 | Create | Archer |
| 22:15 | Create | Archer |
| 22:34 | Create | Villager (Male) |
| 22:39 | Build | House |
| 22:40 | Build | House |
Build order — Brian42906
First 150 of 154 actions detected
| 0:01 | Create | Villager (Male) |
| 0:01 | Create | Villager (Male) |
| 0:01 | Create | Villager (Male) |
| 0:02 | Create | Villager (Male) |
| 0:03 | Build | House |
| 0:05 | Build | House |
| 1:31 | Create | Villager (Male) |
| 1:31 | Create | Villager (Male) |
| 1:53 | Create | Villager (Male) |
| 2:19 | Create | Villager (Male) |
| 2:20 | Create | Villager (Male) |
| 2:42 | Create | Villager (Male) |
| 2:42 | Create | Villager (Male) |
| 3:10 | Build | Lumber Camp |
| 3:14 | Create | Villager (Male) |
| 3:26 | Build | House |
| 3:27 | Build | House |
| 3:43 | Create | Villager (Male) |
| 3:43 | Create | Villager (Male) |
| 4:15 | Create | Villager (Male) |
| 4:15 | Create | Villager (Male) |
| 4:40 | Create | Villager (Male) |
| 4:40 | Create | Villager (Male) |
| 4:41 | Create | Villager (Male) |
| 4:58 | Build | Mill |
| 5:19 | Create | Villager (Male) |
| 5:19 | Create | Villager (Male) |
| 5:36 | Create | Villager (Male) |
| 5:37 | Create | Villager (Male) |
| 5:49 | Create | Villager (Male) |
| 6:30 | Create | Villager (Male) |
| 7:10 | Research | Loom |
| 7:19 | Build | Mill |
| 7:51 | Research | Feudal Age |
| 8:05 | Build | Lumber Camp |
| 8:17 | Create | Villager (Male) |
| 8:17 | Create | Villager (Male) |
| 8:43 | Build | Barracks |
| 9:11 | Build | House |
| 10:16 | Build | Stable |
| 10:31 | Create | Villager (Male) |
| 10:33 | Research | Double-Bit Axe |
| 10:44 | Build | Palisade Wall |
| 10:58 | Build | Mining Camp |
| 11:27 | Build | Farm |
| 11:27 | Build | Farm |
| 11:41 | Build | Palisade Gate |
| 11:50 | Create | Villager (Male) |
| 11:50 | Create | Villager (Male) |
| 11:55 | Create | Scout Cavalry |
| 11:55 | Create | Scout Cavalry |
| 11:55 | Create | Scout Cavalry |
| 11:55 | Create | Scout Cavalry |
| 12:26 | Build | House |
| 12:31 | Build | House |
| 12:33 | Build | House |
| 12:46 | Build | Blacksmith |
| 12:50 | Create | Villager (Male) |
| 12:50 | Create | Villager (Male) |
| 12:54 | Research | Horse Collar |
| 13:03 | Build | Farm |
| 13:11 | Build | Farm |
| 13:26 | Build | Palisade Wall |
| 13:33 | Build | House |
| 13:35 | Create | Villager (Male) |
| 13:36 | Create | Villager (Male) |
| 14:20 | Create | Villager (Male) |
| 14:48 | Research | Bloodlines |
| 14:54 | Research | Forging |
| 14:55 | Build | Farm |
| 14:58 | Build | Farm |
| 15:00 | Build | Farm |
| 15:00 | Build | Farm |
| 15:00 | Build | Farm |
| 15:03 | Create | Villager (Male) |
| 15:04 | Create | Villager (Male) |
| 15:19 | Build | House |
| 15:20 | Build | House |
| 15:22 | Build | House |
| 15:34 | Create | Scout Cavalry |
| 15:51 | Create | Villager (Male) |
| 15:53 | Build | Farm |
| 15:59 | Build | Palisade Wall |
| 16:04 | Build | Farm |
| 16:06 | Create | Villager (Male) |
| 16:14 | Create | Scout Cavalry |
| 16:36 | Create | Scout Cavalry |
| 16:49 | Create | Scout Cavalry |
| 16:51 | Create | Villager (Male) |
| 16:57 | Build | Palisade Gate |
| 16:59 | Build | Farm |
| 16:59 | Build | Farm |
| 17:02 | Build | Farm |
| 17:02 | Build | Farm |
| 17:18 | Create | Scout Cavalry |
| 17:44 | Create | Scout Cavalry |
| 18:00 | Create | Villager (Male) |
| 18:15 | Create | Villager (Male) |
| 18:39 | Create | Scout Cavalry |
| 18:40 | Create | Scout Cavalry |
| 18:46 | Build | Farm |
| 18:46 | Build | Farm |
| 18:47 | Build | Farm |
| 18:47 | Build | Farm |
| 18:47 | Build | Farm |
| 18:50 | Build | Farm |
| 18:51 | Build | Farm |
| 18:52 | Create | Villager (Male) |
| 18:52 | Create | Villager (Male) |
| 19:35 | Create | Scout Cavalry |
| 19:35 | Create | Scout Cavalry |
| 19:42 | Build | Stable |
| 19:56 | Create | Scout Cavalry |
| 20:03 | Research | Scale Barding Armor |
| 20:05 | Build | Farm |
| 20:12 | Create | Villager (Male) |
| 20:12 | Create | Villager (Male) |
| 20:48 | Create | Scout Cavalry ×3 |
| 21:04 | Create | Scout Cavalry |
| 21:28 | Create | Scout Cavalry |
| 21:28 | Create | Scout Cavalry |
| 21:36 | Build | Market |
| 21:41 | Create | Scout Cavalry |
| 21:41 | Create | Scout Cavalry |
| 23:28 | Research | Castle Age |
| 23:55 | Research | Scale Mail Armor |
| 24:12 | Build | Barracks |
| 24:12 | Build | Barracks |
| 24:14 | Build | Barracks |
| 24:15 | Build | Barracks |
| 24:16 | Build | Barracks |
| 24:41 | Build | House |
| 24:44 | Build | House |
| 25:57 | Create | Spearman |
| 25:57 | Create | Spearman |
| 25:59 | Create | Spearman |
| 26:33 | Research | Pikeman (upgrade) |
| 26:46 | Build | House |
| 26:55 | Research | Bow Saw |
| 26:55 | Create | Villager (Male) |
| 26:56 | Create | Villager (Male) |
| 27:17 | Build | Town Center |
| 27:23 | Create | Villager (Male) |
| 27:24 | Create | Villager (Male) |
| 27:27 | Research | Squires |
| 27:42 | Create | Knight ×5 |
| 27:48 | Research | Chain Mail Armor |
| 27:48 | Research | Iron Casting |
| 28:02 | Build | House |
| 28:08 | Build | Stone Wall |
Build order — V2 ツ
First 150 of 154 actions detected
| 0:01 | Create | Villager (Male) |
| 0:01 | Create | Villager (Male) |
| 0:01 | Create | Villager (Male) |
| 0:02 | Build | House |
| 0:04 | Build | House |
| 0:50 | Create | Villager (Male) |
| 1:48 | Create | Villager (Male) |
| 2:13 | Build | Lumber Camp |
| 2:17 | Create | Villager (Male) |
| 2:18 | Create | Villager (Male) |
| 2:48 | Create | Villager (Male) |
| 3:23 | Build | House |
| 3:48 | Build | House |
| 3:50 | Create | Villager (Male) |
| 3:50 | Create | Villager (Male) |
| 4:04 | Create | Villager (Male) |
| 4:44 | Build | Mill |
| 5:01 | Create | Villager (Male) |
| 5:01 | Create | Villager (Male) |
| 5:50 | Create | Villager (Male) |
| 5:50 | Create | Villager (Male) |
| 7:01 | Create | Villager (Male) |
| 7:01 | Create | Villager (Male) |
| 7:01 | Create | Villager (Male) |
| 7:46 | Research | Loom |
| 8:21 | Research | Feudal Age |
| 8:47 | Build | House |
| 9:01 | Build | Palisade Wall |
| 9:24 | Build | Barracks |
| 9:28 | Build | Palisade Wall |
| 10:10 | Create | Villager (Male) |
| 10:10 | Create | Villager (Male) |
| 10:31 | Age | Feudal Age |
| 10:33 | Build | Stable |
| 10:54 | Build | Blacksmith |
| 11:02 | Build | Farm |
| 11:07 | Create | Villager (Male) |
| 11:25 | Build | Farm |
| 11:28 | Create | Scout Cavalry |
| 11:29 | Create | Scout Cavalry |
| 11:58 | Create | Villager (Male) |
| 11:58 | Create | Villager (Male) |
| 12:02 | Build | Farm |
| 12:18 | Create | Villager (Male) |
| 12:20 | Create | Scout Cavalry |
| 12:24 | Research | Forging |
| 12:49 | Create | Scout Cavalry |
| 12:49 | Create | Scout Cavalry |
| 12:50 | Create | Villager (Male) |
| 13:05 | Build | Farm |
| 13:06 | Build | Farm |
| 13:06 | Build | Farm |
| 13:10 | Research | Double-Bit Axe |
| 13:19 | Create | Scout Cavalry |
| 13:29 | Build | House |
| 13:31 | Build | House |
| 13:33 | Build | House |
| 13:46 | Build | Farm |
| 13:56 | Build | Farm |
| 14:06 | Create | Villager (Male) |
| 14:07 | Create | Villager (Male) |
| 14:09 | Build | Farm |
| 14:28 | Build | Farm |
| 14:28 | Build | Farm |
| 14:41 | Create | Scout Cavalry |
| 14:41 | Create | Scout Cavalry |
| 14:48 | Build | Farm |
| 15:00 | Build | Farm |
| 15:30 | Research | Scale Barding Armor |
| 15:34 | Build | Farm |
| 15:46 | Create | Villager (Male) |
| 15:46 | Create | Villager (Male) |
| 15:51 | Build | Farm |
| 16:19 | Build | Farm |
| 16:22 | Create | Villager (Male) |
| 16:22 | Create | Villager (Male) |
| 16:32 | Build | Mining Camp |
| 16:34 | Create | Villager (Male) |
| 17:38 | Create | Villager (Male) |
| 17:38 | Create | Villager (Male) |
| 17:39 | Create | Villager (Male) |
| 17:39 | Create | Villager (Male) |
| 17:41 | Create | Scout Cavalry |
| 17:42 | Create | Scout Cavalry |
| 18:05 | Create | Scout Cavalry |
| 18:48 | Create | Scout Cavalry |
| 19:12 | Build | Farm |
| 19:12 | Build | Farm |
| 19:12 | Build | Farm |
| 19:13 | Build | Farm |
| 19:13 | Build | Farm |
| 19:14 | Build | Farm |
| 19:14 | Build | Farm |
| 19:15 | Build | Farm |
| 19:34 | Create | Villager (Male) |
| 19:34 | Create | Villager (Male) |
| 20:49 | Build | Stable |
| 20:57 | Research | Castle Age |
| 21:51 | Build | Lumber Camp |
| 21:54 | Build | House |
| 21:56 | Build | House |
| 22:59 | Create | Villager (Male) |
| 23:00 | Create | Villager (Male) |
| 23:19 | Build | House |
| 23:21 | Build | House |
| 23:24 | Build | Palisade Wall |
| 23:37 | Age | Castle Age |
| 23:49 | Create | Knight |
| 23:49 | Create | Knight |
| 24:01 | Build | Town Center |
| 24:05 | Create | Villager (Male) |
| 24:05 | Create | Villager (Male) |
| 24:14 | Create | Villager (Male) |
| 24:15 | Create | Villager (Male) |
| 24:20 | Research | Iron Casting |
| 24:44 | Create | Knight |
| 24:44 | Create | Knight |
| 24:47 | Research | Chain Barding Armor |
| 24:52 | Research | Husbandry |
| 24:59 | Research | Wheelbarrow |
| 25:53 | Build | Farm |
| 25:54 | Create | Villager (Male) |
| 25:55 | Create | Villager (Male) |
| 26:09 | Create | Knight |
| 26:10 | Create | Knight |
| 26:45 | Create | Villager (Male) |
| 26:45 | Create | Villager (Male) |
| 26:47 | Build | Farm |
| 27:01 | Create | Knight |
| 27:01 | Create | Knight |
| 27:05 | Build | Farm |
| 27:09 | Research | Gold Mining |
| 27:15 | Build | Farm |
| 27:24 | Create | Knight |
| 27:24 | Create | Knight |
| 27:42 | Build | Farm |
| 27:47 | Create | Villager (Male) |
| 27:47 | Create | Villager (Male) |
| 27:49 | Create | Villager (Male) |
| 27:49 | Create | Villager (Male) |
| 28:13 | Create | Villager (Male) |
| 28:13 | Create | Villager (Male) |
| 28:23 | Build | Mining Camp |
| 28:58 | Create | Villager (Male) |
| 28:59 | Create | Villager (Male) |
| 29:13 | Build | Farm |
| 29:15 | Build | Farm |
| 29:30 | Create | Knight |
| 29:31 | Create | Knight |
| 30:15 | Create | Villager (Male) |
Build order — SonkyBro
144 actions detected in the replay
| 0:01 | Create | Villager (Male) |
| 0:01 | Create | Villager (Male) |
| 0:01 | Create | Villager (Male) |
| 0:02 | Create | Villager (Male) |
| 0:03 | Build | House |
| 0:06 | Build | House |
| 1:26 | Create | Villager (Male) |
| 2:05 | Create | Villager (Male) |
| 2:05 | Create | Villager (Male) |
| 2:29 | Create | Villager (Male) |
| 2:55 | Create | Villager (Male) |
| 3:10 | Create | Villager (Male) |
| 3:42 | Create | Villager (Male) |
| 3:42 | Create | Villager (Male) |
| 3:50 | Build | House |
| 4:15 | Create | Villager (Male) |
| 4:15 | Create | Villager (Male) |
| 4:35 | Create | Villager (Male) |
| 4:35 | Create | Villager (Male) |
| 4:35 | Create | Villager (Male) |
| 5:03 | Build | Mill |
| 5:05 | Create | Villager (Male) |
| 5:05 | Create | Villager (Male) |
| 5:22 | Create | Villager (Male) |
| 5:22 | Create | Villager (Male) |
| 5:38 | Build | Palisade Wall |
| 5:43 | Build | Palisade Wall |
| 5:49 | Build | House |
| 6:06 | Research | Loom |
| 7:27 | Create | Villager (Male) |
| 7:33 | Build | Lumber Camp |
| 7:57 | Research | Feudal Age |
| 8:08 | Build | Palisade Gate |
| 9:09 | Build | Barracks |
| 10:12 | Build | Mining Camp |
| 10:15 | Create | Villager (Male) |
| 10:16 | Create | Villager (Male) |
| 10:16 | Create | Villager (Male) |
| 10:26 | Build | Archery Range |
| 10:32 | Research | Double-Bit Axe |
| 10:54 | Build | House |
| 10:57 | Build | House |
| 11:40 | Create | Archer |
| 11:40 | Create | Archer |
| 11:43 | Create | Skirmisher |
| 11:43 | Create | Skirmisher |
| 11:56 | Build | House |
| 11:59 | Build | House |
| 12:01 | Build | House |
| 12:14 | Build | Mill |
| 12:28 | Create | Archer |
| 12:28 | Create | Archer |
| 12:42 | Build | Blacksmith |
| 13:01 | Create | Villager (Male) |
| 13:01 | Create | Villager (Male) |
| 13:45 | Create | Archer |
| 13:46 | Create | Archer |
| 13:54 | Research | Fletching |
| 13:55 | Research | Padded Archer Armor |
| 14:00 | Build | Farm |
| 14:01 | Build | Farm |
| 14:04 | Build | Farm |
| 14:09 | Build | Farm |
| 14:11 | Create | Villager (Male) |
| 14:11 | Create | Villager (Male) |
| 14:11 | Create | Villager (Male) |
| 14:23 | Build | Archery Range |
| 14:29 | Create | Villager (Male) |
| 14:33 | Create | Skirmisher |
| 14:34 | Create | Archer |
| 14:49 | Build | Farm |
| 15:09 | Build | Palisade Wall |
| 15:11 | Build | Palisade Wall |
| 15:14 | Create | Villager (Male) |
| 15:24 | Create | Skirmisher |
| 15:24 | Create | Archer |
| 16:09 | Create | Villager (Male) |
| 16:11 | Build | Farm |
| 16:11 | Build | Farm |
| 16:32 | Create | Spearman |
| 16:32 | Create | Spearman |
| 16:32 | Create | Spearman |
| 16:56 | Build | Farm |
| 16:56 | Build | Farm |
| 18:10 | Create | Villager (Male) |
| 18:10 | Create | Villager (Male) |
| 18:26 | Build | House |
| 18:27 | Build | House |
| 18:31 | Build | House |
| 18:59 | Build | Farm |
| 19:05 | Create | Skirmisher |
| 19:06 | Create | Skirmisher |
| 19:09 | Create | Skirmisher |
| 19:09 | Create | Skirmisher |
| 19:22 | Build | Farm |
| 19:25 | Build | Farm |
| 19:27 | Research | Castle Age |
| 19:56 | Create | Skirmisher ×4 |
| 21:22 | Build | House |
| 21:24 | Build | House |
| 21:29 | Build | Lumber Camp |
| 21:46 | Create | Archer |
| 22:14 | Create | Villager (Male) |
| 22:14 | Create | Villager (Male) |
| 22:15 | Create | Villager (Male) |
| 22:23 | Build | Town Center |
| 22:27 | Create | Villager (Male) |
| 22:27 | Create | Villager (Male) |
| 22:27 | Create | Villager (Male) |
| 22:34 | Create | Archer |
| 22:34 | Create | Archer |
| 23:08 | Research | Gold Mining |
| 23:45 | Create | Villager (Male) |
| 23:45 | Create | Villager (Male) |
| 23:46 | Create | Villager (Male) |
| 23:46 | Create | Villager (Male) |
| 23:46 | Create | Villager (Male) |
| 23:46 | Create | Villager (Male) |
| 24:07 | Research | Crossbowman (upgrade) |
| 24:17 | Build | Farm |
| 24:20 | Create | Villager (Male) |
| 24:20 | Create | Villager (Male) |
| 24:28 | Create | Archer ×3 |
| 24:28 | Create | Archer ×3 |
| 24:43 | Build | Farm |
| 24:59 | Build | Farm |
| 25:07 | Create | Archer ×4 |
| 25:30 | Build | Siege Workshop |
| 25:41 | Create | Villager (Male) |
| 25:41 | Create | Villager (Male) |
| 25:41 | Create | Villager (Male) |
| 25:46 | Research | Bow Saw |
| 25:48 | Create | Villager (Male) |
| 25:48 | Create | Villager (Male) |
| 25:57 | Build | Farm |
| 26:11 | Research | Bodkin Arrow |
| 26:21 | Create | Archer |
| 26:21 | Create | Archer |
| 26:21 | Create | Archer |
| 26:44 | Build | Farm |
| 26:48 | Create | Archer ×5 |
| 27:15 | Research | Pikeman (upgrade) |
| 27:16 | Build | Farm |
| 28:26 | Create | Mangonel |
Build order — Zip Paz
145 actions detected in the replay
| 0:04 | Create | Villager (Male) |
| 0:05 | Create | Villager (Male) |
| 0:05 | Create | Villager (Male) |
| 0:05 | Create | Villager (Male) |
| 0:07 | Build | House |
| 0:09 | Build | House |
| 1:52 | Create | Villager (Male) |
| 2:05 | Create | Villager (Male) |
| 2:23 | Build | Lumber Camp |
| 2:34 | Create | Villager (Male) |
| 2:34 | Create | Villager (Male) |
| 3:25 | Build | House |
| 3:28 | Create | Villager (Male) |
| 3:42 | Create | Villager (Male) |
| 4:11 | Create | Villager (Male) |
| 4:29 | Create | Villager (Male) |
| 4:55 | Create | Villager (Male) |
| 5:20 | Build | Mill |
| 5:38 | Build | House |
| 5:47 | Create | Villager (Male) |
| 6:04 | Build | House |
| 6:12 | Create | Villager (Male) |
| 6:14 | Create | Villager (Male) |
| 6:25 | Create | Villager (Male) |
| 7:18 | Research | Loom |
| 8:11 | Research | Feudal Age |
| 8:40 | Build | House |
| 8:55 | Build | Mining Camp |
| 9:00 | Create | Villager (Male) |
| 9:00 | Create | Villager (Male) |
| 9:15 | Build | Barracks |
| 10:21 | Age | Feudal Age |
| 10:26 | Build | Archery Range |
| 10:44 | Research | Double-Bit Axe |
| 10:48 | Research | Horse Collar |
| 11:08 | Create | Villager (Male) |
| 11:24 | Build | Blacksmith |
| 11:28 | Create | Archer |
| 11:28 | Create | Archer |
| 11:34 | Create | Villager (Male) |
| 11:51 | Create | Villager (Male) |
| 12:07 | Create | Villager (Male) |
| 12:13 | Create | Archer |
| 12:30 | Create | Villager (Male) |
| 12:49 | Create | Archer |
| 12:50 | Create | Archer |
| 12:56 | Research | Fletching |
| 13:01 | Create | Villager (Male) |
| 13:05 | Research | Gold Mining |
| 13:27 | Build | Farm |
| 13:27 | Build | Farm |
| 13:28 | Build | Farm |
| 13:29 | Build | Farm |
| 13:41 | Create | Villager (Male) |
| 13:54 | Create | Villager (Male) |
| 13:58 | Create | Archer |
| 14:09 | Build | Farm |
| 14:13 | Create | Villager (Male) |
| 14:20 | Research | Padded Archer Armor |
| 14:44 | Build | House |
| 14:51 | Create | Villager (Male) |
| 14:54 | Build | Farm |
| 14:58 | Create | Archer |
| 14:59 | Create | Archer |
| 15:00 | Create | Archer |
| 15:04 | Build | Farm |
| 15:07 | Create | Villager (Male) |
| 15:18 | Build | House |
| 15:37 | Build | Farm |
| 15:43 | Create | Skirmisher |
| 15:44 | Create | Skirmisher |
| 15:45 | Create | Skirmisher |
| 15:49 | Create | Villager (Male) |
| 15:53 | Build | Farm |
| 15:54 | Build | Farm |
| 15:57 | Build | Farm |
| 16:09 | Build | House |
| 16:29 | Build | Farm |
| 16:31 | Create | Villager (Male) |
| 16:31 | Create | Villager (Male) |
| 16:54 | Build | Farm |
| 16:55 | Build | Farm |
| 16:56 | Build | Farm |
| 16:58 | Create | Villager (Male) |
| 17:01 | Build | Farm |
| 17:09 | Build | House |
| 18:17 | Build | Farm |
| 18:17 | Build | Farm |
| 18:20 | Create | Villager (Male) |
| 18:20 | Create | Villager (Male) |
| 18:24 | Create | Villager (Male) |
| 18:53 | Build | Farm |
| 18:55 | Create | Villager (Male) |
| 19:25 | Build | Farm |
| 19:31 | Create | Villager (Male) |
| 20:23 | Build | Farm |
| 20:24 | Build | Farm |
| 20:28 | Research | Castle Age |
| 20:57 | Build | Farm |
| 21:04 | Create | Villager (Male) |
| 21:04 | Create | Villager (Male) |
| 21:16 | Build | Archery Range |
| 21:18 | Build | Archery Range |
| 21:30 | Build | House |
| 21:59 | Build | House |
| 22:01 | Build | House |
| 22:15 | Build | Farm |
| 22:37 | Create | Archer ×5 |
| 22:37 | Create | Archer ×5 |
| 22:38 | Create | Archer ×5 |
| 22:49 | Create | Villager (Male) |
| 22:50 | Create | Villager (Male) |
| 22:55 | Create | Archer ×5 |
| 23:08 | Age | Castle Age |
| 23:16 | Build | Lumber Camp |
| 23:21 | Create | Villager (Male) |
| 23:27 | Research | Crossbowman (upgrade) |
| 23:35 | Create | Villager (Male) |
| 23:53 | Research | Thumb Ring |
| 24:00 | Research | Wheelbarrow |
| 24:01 | Research | Town Watch |
| 24:09 | Research | Bodkin Arrow |
| 24:10 | Research | Leather Archer Armor |
| 24:35 | Research | Bow Saw |
| 24:39 | Build | Farm |
| 24:40 | Create | Villager (Male) |
| 24:40 | Create | Villager (Male) |
| 24:48 | Create | Villager (Male) |
| 24:59 | Create | Archer |
| 24:59 | Create | Archer |
| 25:00 | Create | Archer |
| 25:25 | Build | Siege Workshop |
| 25:39 | Build | Mining Camp |
| 25:41 | Create | Villager (Male) |
| 26:06 | Create | Archer |
| 26:06 | Create | Archer |
| 26:32 | Create | Battering Ram |
| 26:47 | Create | Villager (Male) |
| 28:23 | Create | Battering Ram |
| 28:25 | Create | Battering Ram |
| 29:26 | Build | Farm |
| 29:31 | Create | Villager (Male) |
| 29:31 | Create | Villager (Male) |
| 32:01 | Create | Archer ×5 |
| 32:03 | Create | Archer ×5 |
Build order — melodyfans
112 actions detected in the replay
| 0:03 | Build | House |
| 0:06 | Build | House |
| 0:07 | Create | Villager (Male) ×4 |
| 1:34 | Create | Villager (Male) |
| 2:13 | Create | Villager (Male) |
| 2:13 | Create | Villager (Male) |
| 2:13 | Create | Villager (Male) |
| 2:47 | Build | House |
| 2:52 | Create | Villager (Male) |
| 3:19 | Create | Villager (Male) |
| 3:19 | Create | Villager (Male) |
| 3:19 | Create | Villager (Male) |
| 3:47 | Create | Villager (Male) |
| 3:47 | Create | Villager (Male) |
| 4:06 | Create | Villager (Male) |
| 4:07 | Create | Villager (Male) |
| 4:18 | Build | House |
| 4:23 | Build | Lumber Camp |
| 4:31 | Create | Villager (Male) |
| 4:31 | Create | Villager (Male) |
| 5:12 | Build | House |
| 5:34 | Create | Villager (Male) |
| 5:35 | Create | Villager (Male) |
| 7:14 | Create | Villager (Male) |
| 7:14 | Create | Villager (Male) |
| 7:14 | Create | Villager (Male) |
| 7:15 | Create | Villager (Male) |
| 7:15 | Create | Villager (Male) |
| 7:15 | Create | Villager (Male) |
| 7:16 | Create | Villager (Male) |
| 7:48 | Build | Barracks |
| 8:25 | Build | Palisade Wall |
| 9:40 | Build | Mining Camp |
| 9:55 | Build | Mill |
| 10:10 | Research | Loom |
| 10:11 | Research | Feudal Age |
| 10:36 | Build | Farm |
| 10:36 | Build | Farm |
| 10:37 | Build | Farm |
| 10:37 | Build | Farm |
| 10:50 | Create | Villager (Male) |
| 10:51 | Create | Villager (Male) |
| 10:57 | Build | House |
| 11:00 | Build | House |
| 11:03 | Build | House |
| 11:28 | Create | Villager (Male) |
| 11:28 | Create | Villager (Male) |
| 11:29 | Create | Villager (Male) |
| 11:56 | Create | Villager (Male) |
| 11:56 | Create | Villager (Male) |
| 12:57 | Build | Archery Range |
| 13:23 | Build | Palisade Wall |
| 13:32 | Build | Blacksmith |
| 13:41 | Build | Mining Camp |
| 13:48 | Build | House |
| 13:54 | Build | House |
| 13:56 | Build | House |
| 14:08 | Build | Palisade Gate |
| 14:16 | Create | Skirmisher ×2 |
| 14:33 | Build | Palisade Wall |
| 14:40 | Build | Palisade Wall |
| 14:48 | Build | Farm |
| 14:49 | Build | Farm |
| 15:02 | Research | Fletching |
| 15:06 | Create | Skirmisher |
| 15:06 | Create | Skirmisher |
| 15:12 | Create | Spearman |
| 15:34 | Create | Skirmisher |
| 15:34 | Create | Skirmisher |
| 15:55 | Create | Skirmisher |
| 15:55 | Create | Skirmisher |
| 16:25 | Build | Palisade Wall |
| 16:31 | Build | House |
| 16:50 | Create | Skirmisher ×3 |
| 19:05 | Create | Skirmisher |
| 19:06 | Create | Skirmisher |
| 19:16 | Build | House |
| 20:20 | Build | Palisade Gate |
| 20:29 | Build | House |
| 20:46 | Build | Farm |
| 20:46 | Build | Farm |
| 20:55 | Create | Spearman |
| 20:55 | Create | Spearman |
| 20:55 | Create | Spearman |
| 21:36 | Build | Farm |
| 22:07 | Build | House |
| 22:28 | Build | House |
| 22:45 | Create | Spearman |
| 22:45 | Create | Spearman |
| 22:48 | Research | Wheelbarrow |
| 23:05 | Build | Farm |
| 23:05 | Build | Farm |
| 23:11 | Build | Farm |
| 23:12 | Build | Farm |
| 24:04 | Build | Farm |
| 24:04 | Build | Farm |
| 24:11 | Build | Farm |
| 24:11 | Build | Farm |
| 24:12 | Build | Farm |
| 24:36 | Research | Castle Age |
| 25:44 | Research | Gold Mining |
| 25:45 | Research | Stone Mining |
| 25:50 | Create | Villager (Male) |
| 25:50 | Create | Villager (Male) |
| 26:50 | Build | House |
| 27:24 | Build | Town Center |
| 27:29 | Create | Villager (Male) |
| 27:29 | Create | Villager (Male) |
| 27:42 | Research | Forging |
| 27:44 | Research | Scale Barding Armor |
| 27:48 | Create | Villager (Male) |
| 28:01 | Create | Skirmisher ×2 |
Match timeline
| 5:38 | SonkyBro · wall_segment Palisade Wall x8 |
| 5:43 | SonkyBro · wall_segment Palisade Wall x4 |
| 7:48 | melodyfans · first_building Barracks |
| 8:25 | melodyfans · wall_segment Palisade Wall x25 |
| 8:43 | Brian42906 · first_building Barracks |
| 9:01 | V2 ツ · wall_segment Palisade Wall x16 |
| 9:09 | SonkyBro · first_building Barracks |
| 9:15 | Zip Paz · first_building Barracks |
| 9:24 | V2 ツ · first_building Barracks |
| 9:28 | V2 ツ · wall_segment Palisade Wall x1 |
| 9:30 | ...ARX... · first_building Barracks |
| 10:16 | Brian42906 · first_building Stable |
| 10:21 | Zip Paz · age_up feudal |
| 10:23 | ...ARX... · wall_segment Palisade Wall x5 |
| 10:26 | SonkyBro · first_building Archery Range |
| 10:26 | Zip Paz · first_building Archery Range |
| 10:31 | V2 ツ · age_up feudal |
| 10:33 | V2 ツ · first_building Stable |
| 10:44 | Brian42906 · wall_segment Palisade Wall x8 |
| 10:51 | Professor6899 · first_building Barracks |
| 11:07 | ...ARX... · age_up feudal |
| 11:11 | ...ARX... · first_building Archery Range |
| 11:49 | ...ARX... · wall_segment Palisade Wall x3 |
| 11:59 | Professor6899 · wall_segment Palisade Wall x8 |
| 12:20 | ...ARX... · wall_segment Palisade Wall x1 |
| 12:21 | Professor6899 · first_building Stable |
| 12:57 | melodyfans · first_building Archery Range |
| 13:23 | melodyfans · wall_segment Palisade Wall x1 |
| 13:26 | Brian42906 · wall_segment Palisade Wall x11 |
| 14:33 | melodyfans · wall_segment Palisade Wall x6 |
| 14:40 | melodyfans · wall_segment Palisade Wall x3 |
| 15:09 | SonkyBro · wall_segment Palisade Wall x7 |
| 15:11 | SonkyBro · wall_segment Palisade Wall x5 |
| 15:59 | Brian42906 · wall_segment Palisade Wall x5 |
| 16:25 | melodyfans · wall_segment Palisade Wall x12 |
| 23:08 | Zip Paz · age_up castle |
| 23:24 | V2 ツ · wall_segment Palisade Wall x9 |
| 23:37 | V2 ツ · age_up castle |
| 25:25 | Zip Paz · first_building Siege Workshop |
| 25:30 | SonkyBro · first_building Siege Workshop |
| 25:55 | ...ARX... · age_up castle |
| 27:55 | Professor6899 · first_market_sell 100 food |
| 28:08 | Brian42906 · wall_segment Stone Wall x1 |
| 28:10 | QY『情缘』夕颜 · wall_segment Palisade Wall x9 |
| 28:15 | Brian42906 · first_building Siege Workshop |
| 28:38 | SonkyBro · resign |
| 29:15 | QY『情缘』夕颜 · wall_segment Palisade Wall x2 |
[ AI ANALYSIS · 1 CREDIT ]
What really happened in this match?
Wolo.gg analyzes every decision: build order, eco, micro, common mistakes by bracket. Personalized analysis on WhatsApp or Discord in 30 seconds.
Civ guide
Slavs
Map guide
Arabia
Perfil
Jugador #6251720